 Dungeon Crawl Stone Soup version 0.23.2-33-g5129a83184 (webtiles) character file.

Game seed: 17863109222425301176

12400 geeseburger the Fighter (level 11, 0/168 HPs)
             Began as a Grey Draconian Fighter on June 26, 2019.
             Was a High Priest of Okawaru.
             Slain by a skeletal warrior
             ... wielding a +0 dire flail
             ... led by a skeletal warrior
              (17 damage)
             ... on level 11 of the Dungeon.
             The game lasted 00:28:53 (10700 turns).

geeseburger the Fighter (Grey Draconian Fighter)   Turns: 10700, Time: 00:28:54

Health: 0/168      AC: 31    Str: 19    XL:     11   Next: 61%
Magic:  9/9        EV:  2    Int:  9    God:    Okawaru [*****.]
Gold:   283        SH: 18    Dex: 16    Spells: 10/10 levels left

rFire    . . .     SeeInvis .   l - +6 mace (crush)
rCold    . . .     Gourm    .   b - +0 shield
rNeg     + + +     Faith    .   (armour unavailable)
rPois    +         Spirit   .   (helmet currently unavailable)
rElec    .         Reflect  +   (cloak currently unavailable)
rCorr    .         Harm     .   (gloves currently unavailable)
MR       .....     NoTele   +   (boots currently unavailable)
Stlth    +.........             m - +6 amulet of reflection
HPRegen  0.38/turn              i - +3 ring of dexterity
MPRegen  0.11/turn              H - +6 ring of protection

@: tree-form
A: (walk through water), unfitting armour, blurry vision 1, low mp 1, robust 1,
AC +12
a: Heroism, Finesse, Renounce Religion


You were on level 11 of the Dungeon.
You worshipped Okawaru.
Okawaru was extremely pleased with you.
You were not hungry.
You were a tree.
You visited 2 branches of the dungeon, and saw 12 of its levels.
You visited the Abyss 1 time.

You collected 523 gold pieces.
You spent 240 gold pieces at shops.

Inventory:

Hand Weapons
 a - a +0 long sword
 l - a +6 mace of crushing (weapon)
Armour
 b - a +0 shield (worn)
 t - a +1 cloak (melded)
 v - a +0 pair of gloves (melded)
Jewellery
 i - a +3 ring of dexterity (left branch)
 m - a +6 amulet of reflection (around neck)
 r - an uncursed amulet of rage
 s - a +5 ring of intelligence
 u - an uncursed amulet of regeneration
 w - an uncursed ring of teleportation
 y - an uncursed amulet of magic regeneration
 G - an uncursed ring of poison resistance
 H - a +6 ring of protection (right branch)
Wands
 g - a wand of random effects (61)
 k - a wand of flame (12)
 n - a wand of disintegration (13)
 F - a wand of digging (6)
Scrolls
 c - a scroll of fog
 o - 3 scrolls of magic mapping
 q - 5 scrolls of teleportation
 x - a scroll of remove curse
 A - 4 scrolls of amnesia
 J - a scroll of identify
Potions
 e - 2 potions of ambrosia
 f - 3 potions of cancellation
 h - 4 potions of brilliance
 j - 2 potions of resistance
 p - 2 potions of curing {unknown}
 B - a potion of lignification
 C - a potion of magic {unknown}
 E - 2 potions of agility
 I - a potion of haste
Comestibles
 d - 18 rations


   Skills:
 * Level 11.4 Fighting
 - Level 2.0 Long Blades
 + Level 6.7 Maces & Flails
 * Level 9.7 Dodging
 * Level 10.5 Shields


You had 10 spell levels left.
You didn't know any spells.
Your spell library contained the following spells:

 Spells                   Type           Power        Failure   Level  Hunger
 Confusing Touch          Hex            #.....       58%         1    ##.....
 Shock                    Conj/Air       #...         58%         1    ##.....
 Swiftness                Chrm/Air       #.......     73%         2    ###....
 Confuse                  Hex            #.......     91%         3    ####...
 Gell's Gravitas          Tloc           #.........   91%         3    ####...
 Static Discharge         Conj/Air       #.......     91%         3    ####...
 Airstrike                Air            #.........   100%        4    #####..
 Petrify                  Tmut/Erth      #.......     100%        4    #####..
 Lightning Bolt           Conj/Air       #.........   100%        5    ######.
 Metabolic Englaciation   Hex/Ice        #.........   100%        5    ######.
 Yara's Violent Unravell  Hex/Tmut       #.........   100%        5    ######.


Dungeon Overview and Level Annotations

Branches:
Dungeon (11/15)            Temple (1/1) D:7            Lair (0/6) D:9
    Orc (0/2) D:9

Altars:
Ashenzari
Cheibriados
Dithmenos
Elyvilon
Fedhas
Gozag
Hepliaklqana
Kikubaaqudgha
Makhleb
Nemelex Xobeh
Okawaru
Qazlal
Ru
Sif Muna
Trog
Uskayaw
Vehumet
Wu Jian
Xom
Yredelemnul
Zin
The Shining One

Shops:
D:8 :   D:10 *


Innate Abilities, Weirdness & Mutations

((You can walk through water.))
((Your dull iron-grey scales are very hard. (AC +12)))
You cannot fit into any form of body armour.
((You can survive without breathing.))
((You are cold-blooded and may be slowed by cold attacks.))
((You have sharp toenails.))
Scrolls take you a little longer to read.
Your magical capacity is low. (-10% MP)
You are robust. (+10% HP)


Message History

The skeletal warrior hits you with a +0 dire flail!
* * * LOW HITPOINT WARNING * * *
Really quaff the potion of lignification?
You turn into a tree.
Your +1 cloak melds into your body.
Your +0 pair of gloves melds into your body.
Your roots penetrate the ground.
The skeletal warrior hits you but does no damage.
You hit the skeletal warrior but do no damage.
The skeletal warrior is heavily damaged.
You block the skeletal warrior's attack.
You hit the skeletal warrior but do no damage.
The skeletal warrior is heavily damaged.
You block the skeletal warrior's attack.
You hit the skeletal warrior.
The skeletal warrior is heavily damaged.
The skeletal warrior barely misses you.
You hit the skeletal warrior.
The skeletal warrior is severely damaged.
The skeletal warrior hits you with a +0 dire flail!
You die...

................#
................# #...# ...#
.###...###...## ...
..#............+ ....
..+............# ....
..#............#
#..#######.##.##z##...###
#..##...##.##.##♣#############
#.............#......<#......#
#.............#.......#......#
#.............+.......'......#
#...##..###...############...#
#...#######...###.....####..(#
.....[...#...................#
.........#...................#
.........'...................#


You could see a skeletal warrior.

Vanquished Creatures
  Erolcha (D:11)
  2 two-headed ogres
  3 skeletal warriors (D:11)
  A large abomination (Abyss:2)
  An unseen horror (D:10)
  A komodo dragon (D:10)
  A troll (D:9)
  A spriggan (D:8)
  A shadow (D:11)
  3 wyverns
  6 yaks (D:10)
  A hungry ghost (D:9)
  Edmund (D:4)
  A water moccasin (D:5)
  Duvessa (D:6)
  A sky beast (D:5)
  3 orc warriors
  3 ice beasts
  A phantom (D:7)
  4 ogres
  4 centaurs
  3 wolves (D:9)
  Blork the orc (D:6)
  2 bullfrogs (D:10)
  Dowan (D:6)
  6 killer bees
  9 wights
  8 howler monkeys
  An electric eel (D:9)
  A crimson imp (D:6)
  2 centaur zombies
  6 hounds
  2 bullfrog zombies
  4 orc priests
  3 bullfrog skeletons
  A jelly (D:9)
  Ijyb (D:3)
  2 iguanas (D:5)
  10 orc wizards
  6 worker ants
  2 hound skeletons (D:5)
  Robin (D:3)
  A howler monkey skeleton (D:5)
  9 adders
  An ooze (D:5)
  3 adder zombies (D:5)
  2 adder skeletons
  9 worms
  3 dart slugs
  5 leopard geckos
  29 orcs
  3 ball pythons
  5 giant cockroaches
  18 goblins
  11 hobgoblins
  3 jackals (D:4)
  3 quokkas
  5 bats
  4 frilled lizards
  A jackal skeleton (D:5)
  5 kobolds
  A leopard gecko skeleton (D:4)
  A leopard gecko zombie (D:5)
  7 rats
242 creatures vanquished.

Vanquished Creatures (others)
  A centaur warrior (D:11)
  A quokka (D:2)
2 creatures vanquished.

Grand Total: 244 creatures vanquished

Notes
Turn   | Place    | Note
-------+----------+-------------------------------------------
     0 | D:1      | geeseburger the Draconian Fighter began the quest for the
                  | Orb.
     0 | D:1      | Reached XP level 1. HP: 19/19 MP: 1/1
   146 | D:1      | Reached XP level 2. HP: 25/26 MP: 2/2
   666 | D:2      | Reached XP level 3. HP: 26/33 MP: 3/3
   912 | D:2      | Reached skill level 4 in Fighting
   912 | D:2      | Reached XP level 4. HP: 24/40 MP: 4/4
  1151 | D:2      | Found an ancient bone altar of Kikubaaqudgha.
  1188 | D:2      | Found a sacrificial altar of Ru.
  1210 | D:2      | Found a radiant altar of Vehumet.
  1656 | D:3      | Noticed Robin
  1679 | D:3      | Killed Robin
  1899 | D:3      | Reached XP level 5. HP: 40/47 MP: 5/5
  1917 | D:3      | Noticed Ijyb
  1932 | D:3      | Killed Ijyb
  2705 | D:3      | Found a glowing silver altar of Zin.
  2865 | D:4      | Reached skill level 5 in Fighting
  2865 | D:4      | Reached XP level 6. HP: 40/56 MP: 6/6
  2870 | D:4      | Reached skill level 1 in Maces & Flails
  3097 | D:4      | Noticed Edmund
  3131 | D:4      | Killed Edmund
  3552 | D:5      | Entered Level 5 of the Dungeon
  3600 | D:5      | Reached skill level 5 in Shields
  3609 | D:5      | Your scales start taking on a dull iron-grey colour.
  3609 | D:5      | Reached XP level 7. HP: 35/62 MP: 7/7
  3609 | D:5      | Gained mutation: You can survive without breathing. [Grey
                  | Draconian growth]
  3981 | D:5      | Reached skill level 6 in Fighting
  3981 | D:5      | Reached skill level 5 in Dodging
  4045 | D:5      | HP: 3/63 [orc wizard/puff of frost (12)]
  4375 | D:5      | Reached XP level 8. HP: 37/71 MP: 8/8
  4727 | D:5      | Reached skill level 7 in Fighting
  4860 | D:6      | Noticed Blork the orc
  5099 | D:6      | Killed Blork the orc
  5262 | D:6      | Noticed Dowan
  5262 | D:6      | Noticed Duvessa
  5265 | D:6      | Killed Dowan
  5270 | D:6      | Killed Duvessa
  5534 | D:6      | Reached XP level 9. HP: 27/81 MP: 9/9
  5953 | D:6      | Found a deep blue altar of Sif Muna.
  6148 | D:6      | Found an opulent altar of Gozag.
  6508 | D:7      | Found a white marble altar of Elyvilon.
  6591 | D:7      | Found a staircase to the Ecumenical Temple.
  6606 | Temple   | Entered the Ecumenical Temple
  6727 | Temple   | Became a worshipper of Warmaster Okawaru
  6835 | D:7      | Reached skill level 8 in Fighting
  7401 | D:8      | Found Duosin's Book Shoppe.
  7836 | D:8      | Reached * piety under Okawaru
  8219 | D:8      | Found a sparkling altar of Nemelex Xobeh.
  8273 | D:8      | Found a shattered altar of Ashenzari.
  8282 | D:8      | Found a sparkling altar of Nemelex Xobeh.
  8363 | D:9      | Noticed a two-headed ogre
  8373 | D:9      | Killed a two-headed ogre
  8373 | D:9      | Reached skill level 9 in Fighting
  8488 | D:9      | Noticed a troll
  8514 | D:9      | Killed a troll
  8514 | D:9      | Reached XP level 10. HP: 49/91 MP: 10/10
  8782 | D:9      | Reached skill level 5 in Maces & Flails
  8791 | D:9      | Reached ** piety under Okawaru
  9054 | D:9      | Found a staircase to the Lair.
  9118 | D:9      | Found a staircase to the Orcish Mines.
  9257 | D:9      | Gained mutation: Scrolls take you a little longer to read.
                  | [potion of mutation]
  9257 | D:9      | Gained mutation: You have sharp toenails. [potion of
                  | mutation]
  9257 | D:9      | Gained mutation: Your magical capacity is low. (-10% MP)
                  | [potion of mutation]
  9257 | D:9      | Gained mutation: You are robust. (+10% HP) [potion of
                  | mutation]
  9286 | D:10     | Entered Level 10 of the Dungeon
  9286 | D:10     | Found Tuhi's Assorted Antiques.
  9299 | D:10     | Bought a runed fluorescent amulet for 120 gold pieces
  9299 | D:10     | Bought a marble ring for 120 gold pieces
  9437 | D:10     | Killed an unseen horror
  9440 | D:10     | Reached skill level 10 in Fighting
  9446 | D:10     | Reached *** piety under Okawaru
  9674 | D:10     | Reached **** piety under Okawaru
  9797 | D:10     | Reached XP level 11. HP: 111/111 MP: 9/9
  9830 | D:11     | Noticed a centaur warrior
  9833 | D:11     | Killed a centaur warrior
  9838 | D:11     | Noticed a two-headed ogre
  9857 | D:11     | Killed a two-headed ogre
  9857 | D:11     | Reached skill level 10 in Shields
 10118 | D:11     | Noticed Erolcha
 10124 | D:11     | Cast into level 2 of the Abyss (Erolcha)
 10204 | Abyss:2  | Noticed a large abomination
 10235 | Abyss:2  | Noticed a bone dragon
 10237 | Abyss:2  | Killed a large abomination
 10327 | Abyss:2  | Noticed a soul eater
 10373 | D:11     | Escaped the Abyss
 10385 | D:11     | Killed Erolcha
 10385 | D:11     | Reached skill level 11 in Fighting
 10607 | D:11     | Noticed a skeletal warrior
 10608 | D:11     | Noticed a skeletal warrior
 10609 | D:11     | Noticed a skeletal warrior
 10610 | D:11     | Noticed a skeletal warrior
 10633 | D:11     | Killed a skeletal warrior
 10633 | D:11     | Reached ***** piety under Okawaru
 10656 | D:11     | Killed a skeletal warrior
 10678 | D:11     | Killed a skeletal warrior
 10678 | D:11     | Received a gift from Okawaru
 10700 | D:11     | Slain by a skeletal warrior

Skill      XL: |  1  2  3  4  5  6  7  8  9 10 11 |
---------------+----------------------------------+-----
Dodging        | 3 4 5 6 7 8 9 |  9.7
Fighting       | 4 5 6 7 9 10 11 | 11.4
Shields        | 4 5 7 8 9 10 | 10.5
Maces & Flails | 1 2 3 4 6 |  6.7
Long Blades    | |  2.0

Action                   |  1- 3 |  4- 6 |  7- 9 | 10-12 || total
-------------------------+-------+-------+-------+-------++-------
Melee: Long sword        |    80 |    73 |       |       ||   153
       Tailslap          |     8 |    24 |    52 |    49 ||   133
       Mace              |       |   137 |   324 |   332 ||   793
       Kick              |       |       |       |   100 ||   100
  Use: Scroll            |     6 |     6 |     6 |       ||    18
       Potion            |       |     2 |     6 |     5 ||    13
 Stab: Sleeping          |       |     2 |       |     2 ||     4
  Eat: Ration            |       |     3 |     5 |     3 ||    11
Armor: Skin              |    19 |    56 |   103 |    70 ||   248
Dodge: Dodged            |    47 |    84 |   206 |   141 ||   478
Block: Shield            |    43 |   114 |   226 |   276 ||   659
       Reflection        |       |       |       |     6 ||     6
       Rpst.: Long sword |    16 |    13 |       |       ||    29
